 Dungeon Crawl Stone Soup version 0.19.1-1-g22dce08 (webtiles) character file.

330 paradoxae the Sneak (level 6, 0/44 HPs)
             Began as a Vampire Enchanter on Jan 2, 2017.
             Shot with an arrow by a centaur (10 damage)
             ... on level 3 of the Dungeon.
             The game lasted 00:22:07 (4306 turns).

paradoxae the Sneak (Vampire Enchanter)             Turns: 4306, Time: 00:22:08

Health: 0/44       AC:  2    Str:  7    XL:     6   Next: 26%
Magic:  8/10       EV: 13    Int: 23    God:
Gold:   111        SH:  0    Dex: 15    Spells: 2 memorised, 5 levels left

rFire  . . .     SeeInvis +     a - +1 dagger
rCold  + + .     Gourm    .     b - +1 robe
rNeg   + + +     Faith    .     (no shield)
rPois  ∞         Spirit   .     (no helmet)
rElec  .         Reflect  .     (no cloak)
rCorr  .         Harm     .     (no gloves)
MR     .....                    d - +1 pair of boots
Stlth  +++++.....               (no amulet)
                                s - -3 ring of protection (curse)
                                g - +4 ring of intelligence

@: bloodless, non-regenerating
A: fangs 3, see invisible, unbreathing
a: Bat Form


You were on level 3 of the Dungeon.
You were bloodless.

You visited 1 branch of the dungeon, and saw 3 of its levels.

You collected 111 gold pieces.

Inventory:

Hand Weapons
 a - a +1 dagger (weapon)
Missiles
 e - 3 tomahawks
 r - 26 stones (quivered)
Armour
 b - a +1 robe (worn)
 d - a +1 pair of boots (worn)
 k - a +0 ring mail
Jewellery
 g - a +4 ring of intelligence (left hand)
 o - an uncursed ring of protection from magic
 s - a cursed -3 ring of protection (right hand)
Wands
 m - a wand of random effects (18/48)
 p - a wand of slowing (48/48)
Scrolls
 j - a scroll of amnesia
 t - a scroll of fear
 u - a scroll of noise {unknown}
 v - a scroll of random uselessness {unknown}
Potions
 f - a potion of might {unknown}
 h - a potion of curing {unknown}
 i - 2 potions of haste {unknown}
 l - a potion of degeneration
 n - a potion of brilliance {unknown}
 q - 14 potions of blood
Books
 c - a book of Maledictions

   Spells                             Type                      Level
   a - Corona                         Hexes                        1
   b - Ensorcelled Hibernation        Hexes/Ice                    2
   c - Confuse                        Hexes                        3
   d - Tukima's Dance                 Hexes                        3
   e - Dazzling Spray                 Conjuration/Hexes            3


   Skills:
 + Level 1.7 Fighting
 + Level 2.3 Short Blades
 + Level 1.6 Armour
 + Level 3.3 Dodging
 + Level 5.7 Stealth
 + Level 2.7 Spellcasting
 + Level 5.5 Hexes
 + Level 1.6 Ice Magic


You had 5 spell levels left.
You knew the following spells:

 Your Spells              Type           Power        Failure   Level  Hunger
c - Confuse               Hex            ####....     4%          3    ###....
z - Ensorcelled Hibernat  Hex/Ice        ###...       4%          2    ##.....


Dungeon Overview and Level Annotations

Branches:
Dungeon (3/15)

Altars:
Kikubaaqudgha
Okawaru


Innate Abilities, Weirdness & Mutations

You do not heal naturally.
You are immune to poison.
You have razor-sharp teeth.
You have supernaturally acute eyesight. (SInv)
You can survive without breathing.


Message History

There is an open door here.
There is an iron altar of Okawaru here.
You open the door.
A centaur comes into view.
There is an open door here.
The centaur shouts!
The centaur wields a shortbow.
The centaur shoots an arrow.
The arrow misses you.
The centaur shoots an arrow.
The arrow hits you!
The centaur shoots an arrow.
The arrow hits you!
* * * LOW HITPOINT WARNING * * *
You see here 2 arrows.
Casting: Ensorcelled Hibernation
Confirm with . or Enter, or press ? or * to list all spells.
Aiming: Ensorcelled Hibernation
Press: ? - help, Shift-Dir - straight line, f - centaur
Aim: a centaur, wielding a shortbow (chance to defeat MR: 50%)
The centaur resists with some effort.
The centaur shoots an arrow.
The arrow hits you!
You die...

#..............#
#.....###+###..#
#.....# #.# #..#
#.....###.###..#
#.....'.._###..#
#.....###.###..#
#.....# #.# .#
####..###'###..#
##....(.@...#
#######...c#
###### ########
.......#
######.# # #.#


You could see a centaur.

Vanquished Creatures
  2 big kobolds (D:3)
  A crimson imp (D:3)
  Ijyb (D:3)
  5 adders
  An ooze (D:2)
  2 worms
  2 dart slugs (D:2)
  2 giant cockroaches
  4 goblins
  5 hobgoblins
  8 jackals
  15 kobolds
  A quokka (D:2)
  10 bats
  5 frilled lizards
  8 rats
72 creatures vanquished.

Notes
Turn   | Place    | Note
-------+----------+-------------------------------------------
     0 | D:1      | paradoxae the Vampire Enchanter began the quest for the Orb.
     0 | D:1      | Reached XP level 1. HP: 13/13 MP: 3/3
   452 | D:1      | Reached XP level 2. HP: 19/19 MP: 5/5
   473 | D:1      | Learned a level 2 spell: Ensorcelled Hibernation
  1207 | D:2      | Found an ancient bone altar of Kikubaaqudgha.
  1225 | D:2      | Reached skill level 5 in Hexes
  1533 | D:2      | Reached XP level 3. HP: 25/25 MP: 6/6
  2574 | D:2      | Reached XP level 4. HP: 31/31 MP: 7/7
  2641 | D:2      | Reached skill level 5 in Stealth
  2798 | D:2      | Reached skill level 1 in Armour
  2947 | D:3      | Learned a level 3 spell: Confuse
  2969 | D:3      | Reached skill level 1 in Ice Magic
  2988 | D:3      | Noticed Ijyb
  2997 | D:3      | Killed Ijyb
  2997 | D:3      | Reached skill level 1 in Fighting
  3413 | D:3      | Reached XP level 5. HP: 31/37 MP: 5/8
  4181 | D:3      | Reached XP level 6. HP: 30/44 MP: 2/10
  4294 | D:3      | Found an iron altar of Okawaru.
  4306 | D:3      | Shot with an arrow by a centaur

Skill      XL: |  1  2  3  4  5 |
---------------+----------------+-----
Hexes          | 5 |  5.5
Stealth        | 5 |  5.7
Armour         | 1 |  1.6
Ice Magic      | 1 |  1.6
Fighting       | 1 |  1.7
Short Blades   | 2 |  2.3
Dodging        | 3 |  3.3
Spellcasting   | |  2.7

Action                   |  1- 3 |  4- 6 || total
-------------------------+-------+-------++-------
Melee: Dagger            |   160 |    57 ||   217
       Bite              |     8 |     3 ||    11
 Cast: Ensorcelled Hiber |    21 |    31 ||    52
       Corona            |     2 |       ||     2
 Abil: End Transformatio |     1 |     2 ||     3
       Bat Form          |     1 |     2 ||     3
  Use: Potion            |     2 |       ||     2
       Scroll            |       |     5 ||     5
 Stab: Sleeping          |    18 |    26 ||    44
       Distracted        |     1 |       ||     1
Armor: Robe              |    82 |     8 ||    90
Dodge: Dodged            |   141 |    43 ||   184
